 Dungeon Crawl Stone Soup version 0.31.0-11-ge490571c62 (webtiles) character file.

Game seed: 6097945155912016361

93 qw the Shooter (level 4, -3/25 HPs)
             Began as a Deep Elf Hunter on Feb 3, 2024.
             Incinerated by a bombardier beetle (6 damage)
             ... with a burning spray
             ... on level 3 of the Dungeon.
             The game lasted 00:00:28 (2408 turns).

qw the Shooter (Deep Elf Hunter)                    Turns: 2408, Time: 00:00:28

Health: -3/25      AC:  7    Str: 10    XL:     4   Next: 37%
Magic:  6/6        EV: 11    Int: 14    God:
Gold:   119        SH:  0    Dex: 18    Spells: 3/3 levels left

rFire   . . .        a - +0 shortbow
rCold   . . .        (shield currently unavailable)
rNeg    . . .        f - +0 ring mail
rPois   .            d - +2 hat
rElec   .            (no cloak)
rCorr   .            (no gloves)
SInv    .            (no boots)
Will    +....        (no amulet)
Stlth   +            l - ring of willpower
HPRegen 0.24/turn    (no ring)
MPRegen 0.10/turn

%: no passive effects
@: on fire, about to teleport, glowing
A: no striking features
a: no special abilities


You were on level 3 of the Dungeon.
You visited 1 branch of the dungeon, and saw 3 of its levels.

You collected 119 gold pieces.


   Skills:
 - Level 1.5 Fighting
 + Level 7.8 Ranged Weapons
 - Level 2.4 Dodging
 - Level 1.2 Stealth


You had 3 spell levels left.
You didn't know any spells.
Your spell library was empty.

Inventory:

Hand Weapons
 a - a +0 shortbow (weapon)
Armour
 d - a +2 hat (worn)
 e - a +1 scale mail of fire resistance
 f - a +0 ring mail (worn)
Jewellery
 l - a ring of willpower (left hand)
Scrolls
 g - a scroll of poison {unknown}
 h - a scroll of identify
Potions
 c - a potion of cancellation {unknown}
 i - 3 potions of haste
 j - a potion of heal wounds

Dungeon Overview and Level Annotations

Branches:
Dungeon (3/15)

Altars:


Message History

Things that are here:
a +0 club; a +0 leather armour; an orc corpse
g - a scroll labelled YROKOMPI GIPRO
h - a scroll of identify A bombardier beetle comes into view.
You shoot an arrow.
The arrow hits the bombardier beetle but does no damage.
You shoot an arrow.
The arrow closely misses the bombardier beetle.
You shoot an arrow.
The arrow hits the bombardier beetle but does no damage.
You shoot an arrow.
The arrow completely misses the bombardier beetle.
The bombardier beetle sprays incendiary fluid at you.
The burning spray hits you.
You are covered in liquid fire!
You shoot an arrow. The arrow hits the bombardier beetle.
The bombardier beetle is moderately wounded.
The liquid fire burns you!
You shoot an arrow.
The arrow completely misses the bombardier beetle.
The liquid fire burns you!
You shoot an arrow.
The arrow hits the bombardier beetle but does no damage.
The bombardier beetle is moderately wounded.
The liquid fire burns you!
The bombardier beetle sprays incendiary fluid at you.
The burning spray hits you.
You are even more covered in liquid fire!
You shoot an arrow. The arrow hits the bombardier beetle.
The bombardier beetle is moderately wounded.
The liquid fire burns you!
You shoot an arrow.
The arrow barely misses the bombardier beetle.
The liquid fire burns you!
2408 ||| READING scroll of teleportation.
As you read the scroll of teleportation, it crumbles to dust.
You feel strangely unstable. The liquid fire burns you!
You die...

####...# #.#
#.....#.#....
.....### #.#.##.
#.......... ######
....... ###........
....... .........##.
#.##.#.#
###......#..
#.#...B# #.#...##..
#.#....##
.....####.#
#.......# #..... #.#
#.....@.# #..... #.#
#.......# ####.#
###...### #.....
#...# #.##.# ##.## #
#.. #.########
#.#### #........#
#.....
#......#.###########
##.#...#.#...#######


You could see a bombardier beetle.

Vanquished Creatures
  3 adders
  2 dart slugs
  A ribbon worm (D:3)
  8 orcs (D:3)
  4 ball pythons
  3 endoplasms
  2 giant cockroaches (D:2)
  6 hobgoblins
  7 kobolds
  4 quokkas (D:1)
  3 bats
  2 frilled lizards
  2 goblins
  2 rats (D:1)
49 creatures vanquished.

Notes
Turn   | Place    | Note
-------+----------+-------------------------------------------
     0 | D:1      | qw the Deep Elf Hunter began the quest for the Orb.
     0 | D:1      | Reached XP level 1. HP: 12/12 MP: 3/3
     0 | D:1      | 0 ||| qw: Version: 0.3-a-155-g5e7d8dd
     0 | D:1      | 0 ||| qw: Game counter: 3243
     0 | D:1      | 0 ||| qw: Melee chars always use a shield: true
     0 | D:1      | 0 ||| qw: God list: Okawaru
     0 | D:1      | 0 ||| qw: Allow faded altars: false
     0 | D:1      | 0 ||| qw: Do Orc after clearing Dungeon:15 true
     0 | D:1      | 0 ||| qw: Do second Lair branch before Depths: true
     0 | D:1      | 0 ||| qw: Lair rune preference: random
     0 | D:1      | 0 ||| qw: Goals: Normal
     0 | D:1      | 0 ||| PLANNING D:1-11
   354 | D:1      | Reached skill level 6 in Ranged Weapons
   354 | D:1      | Reached XP level 2. HP: 16/16 MP: 4/4
   764 | D:1      | 764 ||| UPGRADING to +2 hat.
   769 | D:1      | 769 ||| UPGRADING to ring of willpower.
   770 | D:1      | 770 ||| READING scroll labelled HARUZIX WABEIM.
   771 | D:1      | 771 ||| READING scroll labelled XUBEST UDEAF.
   803 | D:1      | 803 ||| READING 4 scrolls labelled USSAGHAWITZ.
   803 | D:1      | 803 ||| IDENTIFYING 2 purple potions
   804 | D:1      | 804 ||| READING 3 scrolls of identify.
   804 | D:1      | 804 ||| IDENTIFYING scroll labelled YDOYDY XEUTSOA
   805 | D:1      | 805 ||| READING 2 scrolls of identify.
   805 | D:1      | 805 ||| IDENTIFYING scroll labelled FOCYSK QEJIGG
   806 | D:1      | 806 ||| READING scroll of identify.
   806 | D:1      | 806 ||| IDENTIFYING scroll labelled FATTUA FUFUOSCH
   807 | D:1      | 807 ||| READING scroll labelled VIFIUG HOVVAO.
   810 | D:1      | 810 ||| DROPPING scroll of butterflies.
   811 | D:1      | 811 ||| DROPPING scroll of fog.
   812 | D:1      | 812 ||| DROPPING scroll of amnesia.
   813 | D:1      | 813 ||| DROPPING scroll of immolation.
  1185 | D:2      | Found a faded altar of an unknown god.
  1245 | D:2      | Reached XP level 3. HP: 16/20 MP: 5/5
  1781 | D:2      | 1781 ||| UPGRADING to +0 ring mail.
  1791 | D:2      | 1791 ||| DROPPING +0 leather armour.
  1792 | D:2      | 1792 ||| READING 2 scrolls of identify.
  1792 | D:2      | 1792 ||| IDENTIFYING viscous dark potion
  1793 | D:2      | 1793 ||| READING scroll of identify.
  1793 | D:2      | 1793 ||| IDENTIFYING scroll labelled CIAROR JEYMN
  1794 | D:2      | 1794 ||| READING 2 scrolls labelled IMMIDA PEXKUZO.
  1795 | D:2      | 1795 ||| DROPPING scroll of noise.
  1796 | D:2      | 1796 ||| DROPPING scroll of fear.
  1836 | D:3      | Reached skill level 7 in Ranged Weapons
  1992 | D:3      | HP: 5/20 [poisoned by a kobold]
  2114 | D:3      | Reached XP level 4. HP: 25/25 MP: 6/6
  2354 | D:3      | 2354 ||| FLEEEEING.
  2355 | D:3      | 2355 ||| FLEEEEING.
  2356 | D:3      | 2356 ||| FLEEEEING.
  2357 | D:3      | 2357 ||| FLEEEEING.
  2407 | D:3      | HP: 3/25 [burnt (4)]
  2408 | D:3      | 2408 ||| READING scroll of teleportation.
  2408 | D:3      | Incinerated by a bombardier beetle

Levels and vault maps discovered:
D:1:      psy_arrival_whirlpool, layout_basic, nicolae_houndstooth_variations
D:2:      layout_basic, shapermc_ecumenical_altar_mp_urbaneastern
D:3:      layout_loops_cross

Skill      XL: |  1  2  3 |
---------------+----------+-----
Ranged Weapons | 6 7 |  7.8
Fighting       | |  1.5
Dodging        | |  2.4
Stealth        | |  1.2

Action                     |  1- 3 |  4- 6 || total
---------------------------+-------+-------++-------
   Fire: Shortbow          |    93 |    45 ||   138
    Use: Scroll            |    10 |     1 ||    11
 Armour: Leather armour    |     7 |       ||     7
         Ring mail         |     6 |    15 ||    21
  Dodge: Dodged            |    20 |    11 ||    31

Table legend:
 A = Non-vault XP
 B = Vault XP
 C = Vault XP percentage of total XP
 D = Non-vault monster count
 E = Vault monster count
 F = Vault count percentage of total count
                 A         B        C        D         E       F
            +---------+---------+-------+---------+---------+-------
      Total |     134 |       0 |   0.0 |      49 |       0 |   0.0
            +---------+---------+-------+---------+---------+-------
        D:1 |      24 |       0 |   0.0 |      15 |       0 |   0.0
        D:2 |      35 |       0 |   0.0 |      13 |       0 |   0.0
        D:3 |      75 |       0 |   0.0 |      21 |       0 |   0.0
            +---------+---------+-------+---------+---------+-------
